 Dungeon Crawl Stone Soup version 0.20.1-1-g8b1a95d (webtiles) character file.

26651 Irenicus the Brawler (level 13, 0/117 HPs)
             Began as a Troll Chaos Knight on Oct 11, 2017.
             Slain by a centaur warrior simulacrum (20 damage)
             ... on level 15 of the Dungeon.
             The game lasted 00:30:23 (9389 turns).

Irenicus the Brawler (Troll Chaos Knight)           Turns: 9389, Time: 00:30:24

Health: 0/117      AC: 11    Str: 31    XL:     13   Next: 0%
Magic:  12/12      EV: 12    Int: 11    God:    Xom [.....*]
Gold:   565        SH:  6    Dex: 11    Spells: 12/12 levels left

rFire    . . .     SeeInvis .     - Unarmed
rCold    . . .     Gourm    +   (no shield)
rNeg     . . .     Faith    .   L - +0 steam dragon scales
rPois    +         Spirit   .   (helmet restricted)
rElec    .         Reflect  +   G - +0 cloak
rCorr    .         Harm     .   (gloves unavailable)
MR       .....                  (boots unavailable)
Stlth    +.........             d - +6 amulet of reflection
Regen    0.7/turn               o - ring of poison resistance
MPRegen  0.2/turn               H - +6 ring of strength

@: brilliant, very slightly contaminated
A: unfitting armour, claws 3, yellow scales 1, blink, clumsy 1, dopey 1, fast
metabolism 3, frail 1, gourmand, regeneration 1, shaggy fur 1, strong 1, tough
skin 2, wild magic 1, no potion heal 1, MP-powered wands
a: Blink, Renounce Religion


You were on level 15 of the Dungeon.
You worshipped Xom.
You were Xom's teddy bear.
You were full.

You visited 1 branch of the dungeon, and saw 15 of its levels.

You collected 778 gold pieces.
You spent 213 gold pieces at shops.

Inventory:

Armour
 x - a +0 large shield
 E - a +2 robe of cold resistance
 G - a +0 cloak (worn)
 L - +0 steam dragon scales (worn)
 U - +0 acid dragon scales
Jewellery
 d - a +6 amulet of reflection (around neck)
 o - a ring of poison resistance (left claw)
 H - a +6 ring of strength (right claw)
 Q - an uncursed amulet of rage
Wands
 a - a wand of iceblast (6/15)
 u - a wand of flame (0/48)
 B - a wand of random effects (17/48)
 D - a wand of lightning (7/15)
 F - a wand of scattershot (2/9)
 K - a wand of random effects (25/48)
 O - a wand of random effects (16/48)
 T - a wand of enslavement (9/24)
 V - a wand of digging (8/24)
Scrolls
 e - a scroll of magic mapping
 f - 2 scrolls of teleportation
 g - a scroll of fear
 h - 7 scrolls of identify
 i - 2 scrolls of noise
 m - a scroll of silence {unknown}
 n - 6 scrolls of amnesia
 p - a scroll of fog {unknown}
 s - 3 scrolls of remove curse
 t - a scroll of recharging {unknown}
 v - a scroll of blinking
 y - 2 scrolls of enchant armour {unknown}
 A - 3 scrolls of immolation {unknown}
 I - a scroll of brand weapon {unknown}
 N - a scroll of random uselessness {unknown}
 P - 3 scrolls of vulnerability
 R - a scroll of acquirement {unknown}
Potions
 c - 3 potions of heal wounds
 j - 2 potions of haste
 k - 3 potions of lignification
 q - a potion of cancellation
 w - 7 potions of curing
 z - 2 potions of might
 C - 2 potions of flight
 M - a potion of agility
Books
 S - a book of Conjurations

   Spells                             Type                      Level
   a - Magic Dart                     Conjuration                  1
   b - Searing Ray                    Conjuration                  2
   c - Dazzling Spray                 Conjuration/Hexes            3
   d - Fulminant Prism                Conjuration/Hexes            4
   e - Force Lance                    Conjuration/Translocation    4
   f - Iskenderun's Mystic Blast      Conjuration                  4
Comestibles
 b - 10 bread rations
 l - 6 meat rations
 r - 6 fruits
 J - 4 royal jellies


   Skills:
 - Level 9.3 Fighting
 + Level 6.2 Dodging
 - Level 17.2 Unarmed Combat
 - Level 0.3 Evocations


You had 12 spell levels left.
You didn't know any spells.

Dungeon Overview and Level Annotations

Branches:
Dungeon (15/15)            Temple (0/1) D:7            Lair (0/6) D:10
    Orc (0/2) D:10
 Vaults: D:13-14     Depths: D:15

Altars:
Fedhas
Makhleb
Okawaru
Sif Muna
Xom
Zin

Shops:
D:4 *   D:6 *   D:8 *

Portals:
Trove: D:11 (give 18 scrolls of teleportation)

Annotations:
D:14 Frances


Innate Abilities, Weirdness & Mutations

You are too large for most types of armour.
You have claws for hands.
Your metabolism is lightning-fast.
You like to eat raw meat.
Your natural rate of healing is unusually fast.
You are covered in fur. (AC +1)
You have very tough skin. (AC +2)
You are partially covered in yellow scales. (AC +2)
You can translocate small distances at will.
You are clumsy. (Dex -2)
You are dopey. (Int -2)
You are frail. (-10% HP)
Your muscles are strong. (Str +2)
Your spells are a little harder to cast, but a little more powerful.
Potions are less effective at restoring your health.
You expend magic power (3 MP) to strengthen your wands.


Message History

You experience a momentary feeling of inescapable doom!
You are now Xom's teddy bear.
The meliai invokes the aid of its god against you.
Something smites you!
* * * LOW HITPOINT WARNING * * *
The centaur warrior simulacrum struggles against the net.
The net rips apart, and the centaur warrior simulacrum comes free!
Okay, then.
Your system partially rejects the healing.
You feel better.
The meliai mumbles some strange prayers to its god against you.
Something smites you!
* * * LOW HITPOINT WARNING * * *
Your system partially rejects the healing.
You feel much better.
The centaur warrior simulacrum hits you.
* * * LOW HITPOINT WARNING * * *
The centaur warrior simulacrum freezes you!!
You die...
Xom roars with laughter!

### #.########
##########.........
#.@Z.c.ycc.........
#.########z########
#######.#### ###.#.....#
#..........# #..Z.)..#.#
#..........# #..c..).#.#
#..........# #....)c(#.##
#.......####.....#+#.(...
##......####.....# #.z...
####............cc(.
#.....


You could see 3 yaktaurs, a meliai and a centaur warrior simulacrum.

Vanquished Creatures
  A golden dragon (shapeshifter) (D:12)
  A great orb of eyes (D:13)
  Harold (D:12)
  2 centaur warriors
  2 two-headed ogres
  Urug (D:12)
  5 skeletal warriors
  An unseen horror (D:12)
  A glowing orange brain (D:8)
  A manticore (D:15)
  The ghost of Frank the Slasher, a novice OpFi (D:5)
  An ugly thing (D:11)
  A cyclops (D:11)
  A centaur zombie (D:12)
  The ghost of anver83 the Slasher, a novice DgFi (D:6)
  2 gargoyles
  4 trolls
  2 meliai zombies
  2 hippogriffs (D:13)
  A centaur simulacrum (D:10)
  2 wyverns
  A human (D:7)
  8 yaks
  2 wraiths
  10 hogs
  A hungry ghost (D:9)
  4 vampire mosquitoes (D:13)
  3 wargs (D:10)
  A steam dragon (D:7)
  A soldier ant (D:13)
  Duvessa (D:4)
  An acid dragon (D:12)
  8 orc warriors
  3 sky beasts
  3 ice beasts
  A phantom (D:9)
  A black bear (D:10)
  4 ogres
  4 centaurs
  5 bullfrogs
  A wyvern zombie (D:10)
  Dowan (D:4)
  4 scorpions
  9 killer bees
  5 wights (D:13)
  An electric eel (D:7)
  2 howler monkeys (D:12)
  2 crimson imps
  3 jellies
  4 bullfrog skeletons
  A centaur skeleton (D:12)
  4 hounds
  9 orc priests
  Crazy Yiuf (D:5)
  Terence (D:2)
  18 orc wizards
  Natasha (thrice) (D:2)
  4 iguanas
  9 worker ants
  2 bullfrog simulacra (D:10)
  4 hound skeletons
  A hound zombie (D:5)
  9 adders
  2 shadow imps (D:13)
  4 white imps (D:10)
  An ufetubus (D:10)
  A worm (D:3)
  4 leopard geckos
  49 orcs
  8 bats
  5 giant cockroaches
  6 goblins
  4 hobgoblins
  6 jackals
  2 quokkas
  7 frilled lizards
  7 kobolds
  A quokka skeleton (D:5)
  13 rats
314 creatures vanquished.

Vanquished Creatures (collateral kills)
  A death knight (D:13)
  A skeletal warrior (D:13)
  A freezing wraith (D:13)
  A wraith (D:13)
  2 orcs (D:13)
6 creatures vanquished.

Vanquished Creatures (others)
  A hog (D:12)
1 creature vanquished.

Grand Total: 321 creatures vanquished

Notes
Turn   | Place    | Note
-------+----------+-------------------------------------------
     0 | D:1      | Irenicus the Troll Chaos Knight began the quest for the Orb.
     0 | D:1      | Reached XP level 1. HP: 22/22 MP: 0/0
   126 | D:1      | Reached XP level 2. HP: 29/29 MP: 1/1
   345 | D:1      | Reached skill level 4 in Unarmed Combat
   392 | D:1      | XOM: silly message
   571 | D:2      | Reached XP level 3. HP: 36/36 MP: 2/2
   577 | D:2      | Noticed Natasha
   577 | D:2      | Noticed Terence
   583 | D:2      | XOM: divination: detect items
   593 | D:2      | Killed Terence
   596 | D:2      | Killed Natasha
   596 | D:2      | Reached skill level 5 in Unarmed Combat
   596 | D:2      | Reached XP level 4. HP: 33/44 MP: 3/3
   598 | D:2      | XOM: harmless Hex miscast
   744 | D:2      | XOM: harmless Fire miscast
   775 | D:2      | Found an iron altar of Okawaru.
   784 | D:2      | Found a blossoming altar of Fedhas.
   784 | D:2      | Found a burning altar of Makhleb.
   786 | D:2      | Found a glowing silver altar of Zin.
  1016 | D:2      | Noticed Natasha
  1022 | D:2      | Killed Natasha
  1039 | D:2      | Noticed Natasha
  1045 | D:2      | Killed Natasha
  1045 | D:2      | Reached XP level 5. HP: 45/50 MP: 4/4
  1145 | D:3      | XOM: harmless Erth miscast
  1199 | D:3      | Reached skill level 6 in Unarmed Combat
  1263 | D:3      | XOM: divination: detect creatures
  1353 | D:3      | Noticed an orc warrior
  1370 | D:3      | Killed an orc warrior
  1370 | D:3      | Reached XP level 6. HP: 31/59 MP: 5/5
  1417 | D:3      | XOM: harmless Fire miscast
  1592 | D:4      | Reached skill level 7 in Unarmed Combat
  1594 | D:4      | Found Odehaekk's General Store.
  1653 | D:4      | XOM: harmless Hex miscast
  1830 | D:4      | Noticed Dowan
  1832 | D:4      | Noticed Duvessa
  1847 | D:4      | XOM: noise
  1850 | D:4      | Killed Duvessa
  1850 | D:4      | Reached skill level 8 in Unarmed Combat
  1850 | D:4      | Reached XP level 7. HP: 25/66 MP: 6/6
  1856 | D:4      | Killed Dowan
  1939 | D:4      | XOM: harmless Air miscast
  2028 | D:5      | Entered Level 5 of the Dungeon
  2072 | D:5      | XOM: swap monsters
  2107 | D:5      | Noticed Frank's ghost (novice OpFi)
  2116 | D:5      | Killed Frank's ghost
  2116 | D:5      | Reached skill level 9 in Unarmed Combat
  2116 | D:5      | Reached XP level 8. HP: 56/74 MP: 7/7
  2223 | D:5      | Reached skill level 10 in Unarmed Combat
  2459 | D:5      | XOM: silly message
  2498 | D:5      | Found a runed door.
  2502 | D:5      | Noticed Crazy Yiuf
  2508 | D:5      | Killed Crazy Yiuf
  2687 | D:5      | XOM: cloud trail
  2835 | D:6      | Reached skill level 11 in Unarmed Combat
  2907 | D:6      | Found Zarphar's Assorted Antiques.
  2915 | D:6      | Bought a garnet ring for 145 gold pieces
  2931 | D:6      | Found a deep blue altar of Sif Muna.
  2944 | D:6      | XOM: harmless Tmut miscast
  3119 | D:6      | Noticed anver83's ghost (novice DgFi)
  3130 | D:6      | Killed anver83's ghost
  3171 | D:6      | Reached XP level 9. HP: 80/80 MP: 8/8
  3236 | D:6      | XOM: divination: detect items
  3237 | D:6      | Reached skill level 12 in Unarmed Combat
  3605 | D:7      | XOM: enchant monster (good)
  3617 | D:7      | Reached skill level 13 in Unarmed Combat
  3622 | D:7      | XOM: scenery: 1 doors close
  3747 | D:7      | Gained mutation: Your muscles are strong. (Str +2) [mutagenic meat]
  3748 | D:7      | Gained mutation: Your spells are a little harder to cast, but a little more powerful. [mutagenic meat]
  3749 | D:7      | Gained mutation: You are frail. (-10% HP) [mutagenic meat]
  3750 | D:7      | Gained mutation: You expend magic power (3 MP) to strengthen your wands. [mutagenic meat]
  3752 | D:7      | Gained mutation: Potions are less effective at restoring your health. [mutagenic meat]
  3775 | D:7      | XOM: cleaving
  3797 | D:7      | XOM: polymorph orc wizard -> iguana
  3843 | D:7      | XOM: divination: detect creatures
  3909 | D:7      | XOM: scenery: 1 doors close
  3934 | D:7      | Gained mutation: You are partially covered in yellow scales. (AC +2) [mutagenic meat]
  3935 | D:7      | Gained mutation: You are dopey. (Int -2) [mutagenic meat]
  3936 | D:7      | Gained mutation: You can translocate small distances at will. [mutagenic meat]
  3938 | D:7      | Gained mutation: You are clumsy. (Dex -2) [mutagenic meat]
  3978 | D:7      | Found a staircase to the Ecumenical Temple.
  3991 | D:7      | XOM: divination: magic mapping
  3998 | D:7      | XOM: polymorph adder -> scorpion
  4079 | D:7      | XOM: mild Tmut miscast
  4108 | D:7      | XOM: harmless Chrm miscast
  4120 | D:7      | XOM: cloud trail
  4122 | D:7      | XOM: scenery: create altars
  4184 | D:8      | Found Gekkish's Assorted Antiques.
  4184 | D:8      | Noticed Erica
  4209 | D:8      | Noticed Erica
  4209 | D:8      | Erica changed into Erica the glowing orange brain
  4209 | D:8      | XOM: polymorph Erica -> Erica the glowing orange brain
  4212 | D:8      | Killed Erica the glowing orange brain
  4212 | D:8      | Reached skill level 14 in Unarmed Combat
  4212 | D:8      | Reached XP level 10. HP: 79/79 MP: 9/9
  4230 | D:8      | XOM: scenery: create altars
  4244 | D:8      | Bought 2 blue potions for 34 gold pieces
  4244 | D:8      | Bought a blue potion for 17 gold pieces
  4244 | D:8      | Bought a silvery potion for 17 gold pieces
  4480 | D:9      | XOM: destruction
  4688 | D:9      | XOM: harmless Conj miscast
  4834 | D:9      | XOM: potion effect (might)
  4938 | D:9      | XOM: draining
  4943 | D:9      | XOM: summons 4 hostile demons
  5093 | D:10     | Entered Level 10 of the Dungeon
  5093 | D:10     | XOM: cleaving
  5224 | D:10     | XOM: stat loss: -1 Str (29/30)
  5272 | D:10     | Found a staircase to the Orcish Mines.
  5367 | D:10     | Noticed a two-headed ogre
  5368 | D:10     | XOM: confusion (+ monsters)
  5381 | D:10     | Killed a two-headed ogre
  5381 | D:10     | Reached skill level 15 in Unarmed Combat
  5489 | D:10     | Found a staircase to the Lair.
  5531 | D:10     | XOM: destruction
  5555 | D:10     | XOM: noise
  5708 | D:10     | Noticed a gargoyle
  5709 | D:10     | XOM: confuse monster(s)
  5710 | D:10     | XOM: blink monster(s)
  5729 | D:10     | Killed a gargoyle
  6236 | D:10     | XOM: silly message
  6331 | D:10     | XOM: harmless Tmut miscast
  6403 | D:11     | XOM: silly message
  6410 | D:11     | Reached skill level 16 in Unarmed Combat
  6442 | D:11     | Noticed a two-headed ogre
  6453 | D:11     | Killed a two-headed ogre
  6453 | D:11     | Reached XP level 11. HP: 58/84 MP: 10/10
  6542 | D:11     | Found a portal to a secret trove of treasure.
  6591 | D:11     | XOM: harmless Conj miscast
  6649 | D:11     | XOM: 6-stop teleportation journey
  6650 | D:11     | Noticed a brown ugly thing
  6657 | D:11     | Killed a brown ugly thing
  6664 | D:11     | Noticed a skeletal warrior
  6664 | D:11     | Noticed a skeletal warrior
  6720 | D:11     | Noticed a skeletal warrior
  6725 | D:11     | XOM: summons 5 friendly demons
  6731 | D:11     | XOM: butterfly on damage
  6732 | D:11     | Killed a skeletal warrior
  6741 | D:11     | XOM: blink monster(s)
  6744 | D:11     | XOM: summons friendly iron imp
  6750 | D:11     | Noticed a skeletal warrior
  6751 | D:11     | XOM: cast spell 'Ring of Flames'
  6757 | D:11     | Killed a skeletal warrior
  6765 | D:11     | Killed a skeletal warrior
  6765 | D:11     | Reached skill level 17 in Unarmed Combat
  6770 | D:11     | Killed a skeletal warrior
  7189 | D:12     | Noticed Urug
  7193 | D:12     | Killed Urug
  7266 | D:12     | Noticed Harold
  7279 | D:12     | Killed Harold
  7279 | D:12     | Reached skill level 5 in Fighting
  7332 | D:12     | Killed an unseen horror
  7357 | D:12     | XOM: scenery: create altars
  7421 | D:12     | XOM: cleaving
  7460 | D:12     | Noticed Kirke
  7462 | D:12     | XOM: divine lightning
  7478 | D:12     | Reached XP level 12. HP: 71/103 MP: 11/11
  7480 | D:12     | XOM: scenery: create altars
  7485 | D:12     | XOM: swap monsters
  7930 | D:12     | XOM: god gift: scroll of vulnerability
  7973 | D:12     | Kirke changed into Kirke the iron troll
  7973 | D:12     | XOM: polymorph Kirke -> Kirke the iron troll
  7986 | D:13     | XOM: smoke on damage
  8061 | D:12     | Noticed Kirke
  8061 | D:12     | Noticed Kirke
  8061 | D:12     | Kirke the golden dragon changed into Kirke the iron giant
  8066 | D:12     | Noticed Kirke
  8066 | D:12     | Kirke the iron giant changed into Kirke the golden dragon
  8071 | D:12     | Killed Kirke the golden dragon
  8140 | D:13     | Noticed a centaur warrior
  8149 | D:13     | Killed a centaur warrior
  8230 | D:13     | Noticed an eight-headed hydra
  8233 | D:13     | XOM: scenery: 1 doors open
  8235 | D:13     | Noticed a great orb of eyes
  8235 | D:13     | an 11-headed hydra changed into a great orb of eyes
  8235 | D:13     | XOM: polymorph 11-headed hydra -> great orb of eyes
  8239 | D:13     | Killed a great orb of eyes
  8461 | D:13     | XOM: confuse monster(s)
  8480 | D:13     | Noticed a death knight
  8488 | D:13     | Killed a death knight
  8493 | D:13     | Reached skill level 5 in Dodging
  8889 | D:13     | XOM: summons 4 hostile shadow creatures
  9074 | D:13     | XOM: divination: detect creatures
  9212 | D:14     | Noticed a centaur warrior
  9212 | D:14     | XOM: scenery: create altars
  9217 | D:14     | Killed a centaur warrior
  9287 | D:14     | Noticed Frances
  9297 | D:15     | Entered Level 15 of the Dungeon
  9347 | D:15     | XOM: 3-stop teleportation journey
  9361 | D:15     | XOM: confuse monster(s)
  9369 | D:15     | Reached XP level 13. HP: 87/117 MP: 12/12
  9373 | D:15     | XOM: enchant monster (bad)
  9377 | D:15     | XOM: polymorph yaktaur -> meliai
  9384 | D:15     | XOM: mild Hex miscast
  9389 | D:15     | Slain by a centaur warrior simulacrum

Skill      XL: |  1  2  3  4  5  6  7  8  9 10 11 12 |
---------------+-------------------------------------+-----
Dodging        | 2 6 |  6.2
Unarmed Combat | 4 5 6 8 9 11 14 16 17 | 17.2
Fighting       | 6 9 |  9.3
Evocations     | |  0.3

Action                   |  1- 3 |  4- 6 |  7- 9 | 10-12 | 13-15 || total
-------------------------+-------+-------+-------+-------+-------++-------
Melee: Unarmed           |    81 |   143 |   238 |   528 |       ||   990
       Punch             |       |     1 |     7 |    39 |       ||    47
Throw: Throwing net      |       |       |       |     1 |     1 ||     2
Evoke: Wand              |       |     2 |     5 |     4 |       ||    11
  Use: Potion            |       |     3 |     1 |     2 |     4 ||    10
       Scroll            |       |       |       |    14 |     1 ||    15
 Stab: Sleeping          |       |     1 |       |     4 |       ||     5
       Confused          |       |       |     1 |     2 |       ||     3
       Held in net/web   |       |       |       |     1 |       ||     1
       Betrayed ally     |       |       |       |     1 |       ||     1
  Eat: Chunk             |     7 |    14 |    29 |    56 |       ||   106
       Fruit             |       |       |       |     3 |       ||     3
Armor: Robe              |    36 |    42 |    25 |       |       ||   103
       Skin              |       |       |    15 |       |       ||    15
       Steam dragon scal |       |       |     2 |   165 |     1 ||   168
Dodge: Dodged            |    35 |    56 |    63 |   163 |     3 ||   320
Block: Other             |    17 |    33 |    31 |    99 |     4 ||   184
       Reflection        |     1 |     1 |     4 |     5 |     2 ||    13
